 Dungeon Crawl Stone Soup version 0.19.1 (webtiles) character file.

77 Milesaru the Sneak (level 4, 0/34 HPs)
             Began as a Vampire Assassin on Nov 29, 2016.
             Slain by an orc
             ... wielding a cursed -1 club
              (6 damage)
             ... on level 2 of the Dungeon.
             The game lasted 00:04:15 (2184 turns).

Milesaru the Sneak (Vampire Assassin)               Turns: 2184, Time: 00:04:16

Health: 0/34       AC:  3    Str: 10    XL:     4   Next: 14%
Magic:  4/4        EV: 12    Int: 13    God:
Gold:   116        SH:  0    Dex: 16    Spells: 0 memorised, 3 levels left

rFire  . . .     SeeInvis +     a - +2 dagger
rCold  + + .     Gourm    .     c - +0 robe
rNeg   + + +     Faith    .     (no shield)
rPois  ∞         Spirit   .     (no helmet)
rElec  .         Reflect  .     d - +0 cloak
rCorr  .         Harm     .     (no gloves)
MR     .....                    (no boots)
Stlth  +++++.....               (no amulet)
                                (no ring)
                                (no ring)

@: bloodless, non-regenerating
A: fangs 3, see invisible, unbreathing
a: Bat Form


You were on level 2 of the Dungeon.
You were bloodless.

You visited 1 branch of the dungeon, and saw 3 of its levels.

You collected 116 gold pieces.

Inventory:

Hand Weapons
 a - a +2 dagger (weapon)
 b - a +0 blowgun
Missiles
 e - 8 poisoned needles
 f - 2 curare-tipped needles
Armour
 c - a +0 robe (worn)
 d - a +0 cloak (worn)
Scrolls
 h - a scroll of teleportation {unknown}
 l - 2 scrolls of identify {unknown}
Potions
 g - 12 potions of blood
 i - a potion of agility {unknown}
 j - a potion of degeneration {unknown}
 k - a potion of flight {unknown}
Books
 m - a book of Changes

   Spells                             Type                      Level
   a - Beastly Appendage              Transmutation                1
   b - Sticks to Snakes               Transmutation                2
   c - Spider Form                    Transmutation/Poison         3
   d - Ice Form                       Ice/Transmutation            4
   e - Blade Hands                    Transmutation                5


   Skills:
 + Level 2.5 Fighting
 * Level 3.5 Short Blades
 - Level 1.5 Throwing
 + Level 1.9 Dodging
 + Level 6.4 Stealth


You had 3 spell levels left.
You didn't know any spells.

Dungeon Overview and Level Annotations

Branches:
Dungeon (3/15)

Altars:
Elyvilon
Xom


Innate Abilities, Weirdness & Mutations

You do not heal naturally.
You are immune to poison.
You have razor-sharp teeth.
You have supernaturally acute eyesight. (SInv)
You can survive without breathing.


Message History

You hit the orc wizard. You bite the orc wizard.
You draw the orc wizard's blood!
You feel better.
You feel slightly less thirsty.
The orc wizard is heavily wounded.
The orc wizard hits you with a dagger.
* * * LOW HITPOINT WARNING * * *
The orc hits you with a club.
* * * LOW HITPOINT WARNING * * *
You barely miss the orc wizard.
The orc wizard is heavily wounded.
The orc wizard barely misses you.
You miss the orc wizard.
The orc wizard is heavily wounded.
The orc wizard closely misses you. The orc closely misses you.
The orc wizard casts a spell at you. The puff of flame misses you.
You hit the orc wizard.
The orc wizard is heavily wounded.
The orc hits you with a club.
You die...

..# ..# ..# ..# ..#######
........########################
..#####........................#
..............###########......#
..(#######......@.#######.######
######## ####..o#o......).#
.......# ###.......#####
######.## ##..#####....##
#..#####..## ###...# ##..##...##
##..# ####....#### ####
#..........##
#####...........###


You could see an orc wizard and an orc.

Vanquished Creatures
  3 adders (D:2)
  An ooze (D:3)
  3 worms (D:2)
  A leopard gecko (D:2)
  2 giant cockroaches
  7 goblins
  7 hobgoblins
  4 bats
  5 frilled lizards
  3 kobolds (D:2)
  A rat (D:1)
37 creatures vanquished.

Notes
Turn   | Place    | Note
-------+----------+-------------------------------------------
     0 | D:1      | Milesaru the Vampire Assassin began the quest for the Orb.
     0 | D:1      | Reached XP level 1. HP: 16/16 MP: 1/1
   213 | D:1      | Reached XP level 2. HP: 22/22 MP: 2/2
   787 | D:2      | Reached skill level 6 in Stealth
  1036 | D:2      | Reached XP level 3. HP: 27/27 MP: 3/3
  1127 | D:2      | Found a shimmering altar of Xom.
  1934 | D:2      | Reached XP level 4. HP: 31/34 MP: 4/4
  2043 | D:3      | Found a faded altar of an unknown god.
  2061 | D:3      | Found a white marble altar of Elyvilon.
  2184 | D:2      | Slain by an orc

Skill      XL: |  1  2 |
---------------+-------+-----
Fighting       | 2 |  2.5
Stealth        | 6 |  6.4
Short Blades   | 3 |  3.5
Throwing       | |  1.5
Dodging        | |  1.9

Action                   |  1- 3 |  4- 6 || total
-------------------------+-------+-------++-------
Melee: Dagger            |   118 |    18 ||   136
       Bite              |    14 |     2 ||    16
 Stab: Sleeping          |     7 |     3 ||    10
Armor: Robe              |    15 |     1 ||    16
Dodge: Dodged            |    63 |    14 ||    77
